 Dungeon Crawl Stone Soup version 0.28.0-47-ge53b351184 (webtiles) character file.

Game seed: 10574103854762486665

24 Exodus22XD the Skirmisher (level 2, 26/27 HPs)
             Began as a Minotaur Fighter on May 8, 2022.
             Was a Follower of Nemelex Xobeh.
             Quit the game on level 1 of the Dungeon.
             The game lasted 00:01:28 (607 turns).

Exodus22XD the Skirmisher (Minotaur Fighter)         Turns: 607, Time: 00:01:29

Health: 26/27      AC:  7    Str: 20    XL:     2   Next: 79%
Magic:  1/1        EV:  9    Int:  5    God:    Nemelex Xobeh [*.....]
Gold:   10         SH:  4    Dex:  9    Spells: 1/1 levels left

rFire   . . .      SeeInvis .   a - +0 war axe
rCold   . . .      Faith    .   c - +0 buckler
rNeg    . . .      Spirit   .   b - +0 scale mail
rPois   .          Reflect  .   (helmet restricted)
rElec   .          Harm     .   (no cloak)
rCorr   .          Rampage  .   (no gloves)
Will    .....                   (no boots)
Stlth   ..........              (no amulet)
HPRegen 0.09/turn               (no ring)
MPRegen 0.07/turn               (no ring)

@: no status effects
A: horns 2, retaliatory headbutt
a: Renounce Religion, Draw Escape, Draw Destruction, Draw Summoning


You were on level 1 of the Dungeon.
You worshipped Nemelex Xobeh.
Nemelex Xobeh was aware of your devotion.
You visited 1 branch of the dungeon, and saw 1 of its levels.

You collected 10 gold pieces.

Inventory:

Hand Weapons
 a - a +0 war axe (weapon)
Armour
 b - a +0 scale mail (worn)
 c - a +0 buckler (worn)
Scrolls
 e - 2 scrolls of identify {unknown}
Potions
 d - a potion of might


   Skills:
 + Level 4.0 Fighting
 + Level 2.6 Axes
 + Level 4.0 Armour
 + Level 4.0 Shields


You had one spell level left.
You didn't know any spells.
Your spell library was empty.

Dungeon Overview and Level Annotations

Branches:
Dungeon (1/15)

Altars:
Nemelex Xobeh


Innate Abilities, Weirdness & Mutations

You have a pair of horns on your head.
You reflexively headbutt those who attack you in melee.


Message History

No target in view!
No target in view!
Found a faded altar of an unknown god.
No target in view!
No target in view!
A goblin comes into view. It is wielding a +0 dagger.
The goblin shouts!
You slash the goblin!
You kill the goblin!
No target in view!
Found an escape hatch in the floor.
You are caught in the web!
There is a web here.
You disentangle yourself.
An endoplasm comes into view.
The endoplasm quivers.
There is a faded altar of an unknown god here.
You cannot tell which god this altar belongs to.
Convert to them anyway?
Nemelex Xobeh accepts your prayer! Nemelex Xobeh welcomes you!
You can now draw from decks of power.
Nemelex will now gift you decks of power as you gain piety.
Nemelex Xobeh deals you some cards!
You now have 1 escape card, 5 destruction cards and 5 summoning cards.
Okay, then.
A quokka comes into view.
Found 14 stones.
You barely miss the endoplasm. You headbutt the endoplasm.
You kill the endoplasm!
You completely miss the quokka. Your headbutt misses the quokka.
You block the quokka's attack.
The quokka bites you but does no damage.
You miss the quokka. The quokka bites you.
You miss the quokka. The quokka closely misses you.
You block the quokka's attack.
You slash the quokka!
You kill the quokka!
Okay, then.
Unknown command.
Are you sure you want to abandon this character and quit the game? (Confirm with "yes".)

.....#.......#.... #.#
.......###...P.P♣ #.#
....##.# #.P.P.♣♣ #.#
...###.###...PPP♣P. #.#
♣..###.#.(...P...P# #.#
.....#.#.##.#####.. #.#
♣......#.##..#### # #.#
######...##.^^^.##.#####
#.#
♣..####..##.^_..@......#
#.#
.........[..^.^.......(#
#.#
♣###......###......>...#
#.# # ####...#
############ #.# # #...#
#.# # #...# #.# # #####
#.# # #.# # #.#


There were no monsters in sight!

Vanquished Creatures
  A gnoll (D:1)
  2 bats (D:1)
  An endoplasm (D:1)
  A giant cockroach (D:1)
  2 goblins (D:1)
  A hobgoblin (D:1)
  A kobold (D:1)
  2 quokkas (D:1)
  A frilled lizard (D:1)
  A rat (D:1)
13 creatures vanquished.

Notes
Turn   | Place    | Note
-------+----------+-------------------------------------------
     0 | D:1      | Exodus22XD the Minotaur Fighter began the quest for the
                  | Orb.
     0 | D:1      | Reached XP level 1. HP: 19/19 MP: 0/0
   116 | D:1      | Reached XP level 2. HP: 27/27 MP: 1/1
   563 | D:1      | Found a faded altar of an unknown god.
   598 | D:1      | Prayed at the altar of an unknown god.
   598 | D:1      | Became a worshipper of Nemelex Xobeh the Trickster
   598 | D:1      | Reached * piety under Nemelex Xobeh
   598 | D:1      | Received a gift from Nemelex Xobeh
   607 | D:1      | Quit the game

Illustrated notes

Levels and vault maps discovered:
D:1:      dpeg_arrival_erosion, layout_rooms, serial_forest,
          infiniplex_forest_clump_small, infiniplex_forest_straight_2,
          infiniplex_forest_lined_2, infiniplex_forest_lined_3,
          infiniplex_forest_clump_curved, ebering_ecumenical_altar_webs

Skill      XL: |  1  2 |
---------------+-------+-----
Fighting       | 4 |  4.0
Armour         | 4 |  4.0
Shields        | 4 |  4.0
Axes           | |  2.6

Action                   || total
-------------------------++-------
Melee: War axe           ||    28
       Headbutt          ||     3
Armor: Scale mail        ||    10
Dodge: Dodged            ||     9
Block: Buckler           ||     9
